 Dungeon Crawl Stone Soup version 0.31-a0-152-g6aa68a64a1 (webtiles) character file.

Game seed: 13716921549298648872

37 Conn the Firebug (level 3, 0/21 HPs)
             Began as an Octopode Fire Elementalist on June 10, 2023.
             Slain by an adder (3 damage)
             ... on level 2 of the Dungeon.
             The game lasted 00:02:17 (637 turns).

Conn the Firebug (Octopode Fire Elementalist)        Turns: 637, Time: 00:02:18

Health: 0/21       AC:  1    Str:  7    XL:     3   Next: 41%
Magic:  0/6        EV: 13    Int: 19    God:
Gold:   73         SH:  0    Dex: 12    Spells: 5/6 levels left

rFire   . . .        c - +0 short sword
rCold   . . .        (no shield)
rNeg    . . .        (helmet restricted)
rPois   .            h - amulet of guardian spirit
rElec   .            (no ring)
rCorr   .            (no ring)
SInv    .            (no ring)
Will    .....        (no ring)
Stlth   +++          (no ring)
HPRegen 0.23/turn    (no ring)
MPRegen 0.10/turn    (no ring)
                     (no ring)

%: guardian spirit
@: lethally poisoned (0 -> -2)
A: almost no armour, amphibious, 8 rings, camouflage 1, gelatinous body 1,
(nimble swimmer 1), tentacles
a: no special abilities


You were on level 2 of the Dungeon.
You visited 1 branch of the dungeon, and saw 3 of its levels.

You collected 73 gold pieces.

Inventory:

Hand Weapons
 c - a +0 short sword (weapon)
Missiles
 g - 7 poisoned darts
Jewellery
 h - an amulet of guardian spirit (around mantle)
Scrolls
 d - a scroll of amnesia
 e - a scroll of blinking {unknown}
 f - a scroll of identify {unknown}
Potions
 a - a potion of magic


   Skills:
 + Level 2.2 Dodging
 + Level 2.9 Stealth
 + Level 2.3 Spellcasting
 + Level 1.1 Conjurations
 + Level 3.8 Fire Magic


You had 5 spell levels left.
You knew the following spells:

 Your Spells              Type           Power      Damage    Failure   Level
a - Foxfire               Conj/Fire      44%        2x1d6     6%          1

Your spell library contained the following spells:

 Spells                   Type           Power      Damage    Failure   Level
 Scorch                   Fire           34%        2d6       4%          2
 Inner Flame              Hex/Fire       9%         N/A       22%         3
 Volatile Blastmotes      Fire/Tloc      18%        2d11      22%         3
 Flame Wave               Conj/Fire      11%        2d6       50%         4


Dungeon Overview and Level Annotations

Branches:
Dungeon (3/15)

Altars:


Innate Abilities, Weirdness & Mutations

You cannot wear most types of armour.
You are amphibious.
You can wear up to eight rings at the same time.
Your skin changes colour to match your surroundings (Stealth+).
Your rubbery body absorbs attacks. (AC +1, EV +1)
((You are camouflaged when in or above water. (Stealth+)))
You have tentacles for arms and can constrict up to eight enemies at once.


Message History

You are more poisoned.
The adder poisons you!
Unknown command.
You closely miss the adder. Your grab misses the adder.
You feel very sick.
The foxfire hits the quokka.
The quokka is almost dead.
The foxfire hits the adder.
The adder is moderately wounded.
The adder closely misses you.
Found a dagger.
You feel sick.
Okay, then.
Unknown command.
Unknown command.
Okay, then.
Unknown command.
As you read the scroll labelled ITAUDW DIOCI, it crumbles to dust.
It is a scroll of amnesia.
Really abort (and waste the scroll)?
Okay, then.
You feel sick. The adder bites you.
* * * LOW HITPOINT WARNING * * *
The adder completely misses you.
Okay, then.
Unknown command.
You miss the adder. Your grab misses the adder. Your squeeze misses the adder.
The adder is moderately wounded.
* * * LOW HITPOINT WARNING * * *
You feel sick. The adder misses you.
As you read the scroll labelled REKKUS SUNOF, it crumbles to dust.
The creatures around you are filled with an inner flame!
It was a scroll of immolation.
* * * LOW HITPOINT WARNING * * *
You feel sick. The adder closely misses you.
Casting: Foxfire (safe; 6% risk of failure)
Confirm with . or Enter, or press ? or * to list all spells.
You conjure some foxfire!
* * * LOW HITPOINT WARNING * * *
You feel sick. The adder closely misses you. The adder bites you.
You die...

##.#.####
#.......# .. ..
#(......# #.##.#
#.......# ##.#..#
........# #.....
#.......#
#....####v..)...#
#####†##....#@# ##
............Sv##
.. #....<......#
#####.....)..##..#
#...........##
#....
$..###...>...#
###..
####.........# .
#...>###.##.##
#.#### .....#


You could see an adder (inner flame, ally target).

Vanquished Creatures
  An adder (D:3)
  A gnoll (D:3)
  2 endoplasms (D:1)
  4 hobgoblins (D:1)
  A quokka (D:1)
  5 ball pythons
  A goblin (D:2)
  3 kobolds
  A rat (D:1)
19 creatures vanquished.

Vanquished Creatures (others)
  47 foxfires
47 creatures vanquished.

Grand Total: 66 creatures vanquished

Notes
Turn   | Place    | Note
-------+----------+-------------------------------------------
     0 | D:1      | Conn the Octopode Fire Elementalist began the quest for the
                  | Orb.
     0 | D:1      | Reached XP level 1. HP: 11/11 MP: 3/3
   157 | D:1      | Reached XP level 2. HP: 17/17 MP: 0/5
   354 | D:1      | You fall into a shaft and drop 1 floor!
   450 | D:3      | Reached XP level 3. HP: 21/21 MP: 1/6
   637 | D:2      | Slain by an adder

Illustrated notes

Levels and vault maps discovered:
D:1:      amcnicky_arrival_underground_garden, layout_basic,
          nicolae_figureground_sparkle
D:2:      layout_rooms, hellmonk_ecumenical_altar_lost_god, uniq_jessica
D:3:      layout_basic

Action                     || total
---------------------------++-------
  Melee: Short sword       ||    14
         Constrict         ||     3
         Tentacles         ||     3
   Cast: Foxfire           ||    30
    Use: Scroll            ||     2
  Dodge: Dodged            ||    17

Table legend: (Time is in decaauts)
 A = Elapsed time spent in this place.
 B = Non-inter-level travel time spent in this place.
 C = Inter-level travel time spent in this place.
 D = Time resting spent in this place.
 E = Time spent auto-exploring this place.
 F = Levels seen in this place.
 G = Mean time per level.
                   A        B        C        D        E       F      G
               +--------+--------+--------+--------+--------+-----+--------+
         Total |    635 |    635 |      0 |      0 |    421 |   3 |  211.7 |
       Dungeon |    635 |    635 |      0 |      0 |    421 |   3 |  211.7 |
               +--------+--------+--------+--------+--------+-----+--------+

Top non-repeatable levels by time:
     D:1: 353 daAuts
     D:3: 243 daAuts
     D:2: 38 daAuts
